AoeStats
← AOE2 Dairyvet7

Nomad

510396563Analyzed
2v2 RM · 15h ago on Sep 30, 2026· 38m 51s· 4 players
Game mode
Random Map
Map size
176×176
Population
200
Speed
Normal
Resources
Standard
Victory
Conquest
Starting age
Dark Age
Ending age
Imperial Age
RankedLock teamsTeams togetherTeam positionsShared explorationLock speedFull tech treeHidden civsTurbo modeCheats
Victory
Defeat
🇨🇴 Spanish · Colombia
1405
+14
🇺🇸 Wei · United States
1390
+15
🇵🇾 Spanish · Paraguay
1407
-16
🇵🇾 Armenians · Paraguay
1317
-13
Saruman 117
8:34 Loom
13:59 Feudal Age
18:19 Castle Age
17:41 Fletching
17:57 Double-Bit Axe
19:27 Medium Warships
20:41 Gold Mining
21:02 Bow Saw
21:54 Town Watch
23:51 Stone Mining
24:32 Horse Collar
25:17 Padded Archer Armor
29:41 Wheelbarrow
31:08 Bodkin Arrow
34:12 Leather Archer Armor
35:31 Bloodlines
35:22 Husbandry
37:13 Thumb Ring
37:12 Heavy Plow
40:40 Imperial Age
38:52 Hand Cart
BigAl
3:35 Loom
12:54 Feudal Age
14:01 Double-Bit Axe
17:32 Castle Age
17:43 Bloodlines
17:46 Fletching
18:16 Husbandry
18:03 Horse Collar
18:09 Fishing Lines
18:49 Bodkin Arrow
20:45 Padded Archer Armor
23:13 Leather Archer Armor
28:43 Ballistics
32:39 Bow Saw
35:01 Wheelbarrow
36:41 Masonry
36:11 Treadmill Crane
Safi
4:07 Loom
12:33 Feudal Age
18:07 Castle Age
16:25 Double-Bit Axe
17:29 Gold Mining
17:29 Stone Mining
17:29 Horse Collar
19:32 Bow Saw
20:26 Fletching
20:37 Padded Archer Armor
23:29 Ballistics
23:29 Bodkin Arrow
29:09 Gold Shaft Mining
28:36 Heavy Plow
34:49 Wheelbarrow
35:51 Town Watch
AOE2 Dairyvet7
5:09 Loom
15:07 Feudal Age
15:50 Gold Mining
22:08 Castle Age
20:25 Fletching
22:11 Bloodlines
23:58 Wheelbarrow
23:57 Scale Barding Armor
24:03 Forging
24:00 Bodkin Arrow
27:22 Padded Archer Armor
Connection lost

Rejoining the realm…

Still unreachable

The connection could not be restored.

Session expired

The server has moved on; the page needs a fresh start.